 Seeded DCSS version 0.29.1-14-g9c671dbff4 (webtiles) character file.

Game seed: 12704467737904782470 (custom seed)

15 sanboga the Trooper (level 2, 0/19 HPs)
             Began as a Gargoyle Fighter on Feb 12, 2023.
             Slain by a goblin
             ... wielding a +0 quarterstaff
              (1 damage)
             ... on level 1 of the Dungeon.
             The game lasted 00:00:14 (128 turns).

sanboga the Trooper (Gargoyle Fighter)               Turns: 128, Time: 00:00:14

Health: 0/19       AC:  9    Str: 19    XL:     2   Next: 50%
Magic:  2/2        EV:  9    Int:  8    God:
Gold:   29         SH:  4    Dex:  9    Spells: 1/1 levels left

rFire   . . .      SeeInvis .   a - +0 war axe
rCold   . . .      Faith    .   c - +0 buckler
rNeg    + . .      Spirit   .   b - +0 scale mail
rPois   ∞          Reflect  .   (no helmet)
rElec   +          Harm     .   (no cloak)
rCorr   .          Rampage  .   (no gloves)
Will    .....                   (no boots)
Stlth   ..........              (no amulet)
HPRegen 0.06/turn               (no ring)
MPRegen 0.08/turn               (no ring)

@: no status effects
A: sickness immunity, AC +2, negative energy resistance 1, electricity
resistance, torment resistance 1, petrification resistance
a: no special abilities


You were on level 1 of the Dungeon.
You visited 1 branch of the dungeon, and saw 1 of its levels.

You collected 29 gold pieces.

Inventory:

Hand Weapons
 a - a +0 war axe (weapon)
Armour
 b - a +0 scale mail (worn)
 c - a +0 buckler (worn)
Scrolls
 e - a scroll of noise {unknown}
Potions
 d - a potion of might


   Skills:
 + Level 3.5 Fighting
 * Level 2.2 Axes
 + Level 3.4 Armour
 + Level 3.4 Shields


You had one spell level left.
You didn't know any spells.
Your spell library was empty.

Dungeon Overview and Level Annotations

Branches:
Dungeon (1/15)

Altars:


Innate Abilities, Weirdness & Mutations

You are immune to sickness and miasma.
Your stone body is resilient. (AC +2)
You are immune to poison.
You resist negative energy. (rN+)
You are resistant to electric shocks. (rElec)
You are resistant to unholy torment.
You are immune to petrification.


Message History

You completely miss the jackal.
The jackal is severely wounded.
You barely miss the kobold. The kobold hits you but does no damage.
The jackal barely misses you. The kobold closely misses you.
The jackal bites you but does no damage.
You barely miss the jackal.
The jackal is severely wounded.
You slash the kobold!
You kill the kobold!
The jackal bites you but does no damage.
The ball python closely misses you. The ball python grabs you.
The ball python constricts you. The jackal closely misses you.
You completely miss the ball python. You barely miss the jackal.
The jackal bites you but does no damage.
The ball python bites you but does no damage.
The ball python constricts you. You block the jackal's attack.
The ball python bites you but does no damage.
The ball python constricts you.
You hit the ball python.
You kill the ball python!
You slash the jackal!
You kill the jackal!
You barely miss the goblin. You closely miss the quokka.
The quokka bites you but does no damage.
The goblin hits you with a +0 quarterstaff!
* * * LOW HITPOINT WARNING * * *
The quokka bites you.
* * * LOW HITPOINT WARNING * * *
You are too injured to fight recklessly!
You are too injured to fight recklessly!
You are too injured to fight recklessly!
You are too injured to fight recklessly!
You are too injured to fight recklessly!
You are too injured to fight recklessly!
You are too injured to fight recklessly!
You hit the goblin.
The goblin is severely wounded.
You closely miss the quokka. The quokka closely misses you.
The goblin hits you with a +0 quarterstaff.
You die...

####...#
######...^..#
#######...##.##...##
+..................)
#####......#..#.##.#
..##.........####.#
#.#.......##.# ..#
..#+##g#....##.#..#
####
......r@....####.##
......#####...##.
..... ###..#######
.... #..##.... ...
#.##....## ..
..#...... # #......
#...... +......


You could see a quokka and a goblin.

Vanquished Creatures
  A hobgoblin (D:1)
  4 jackals (D:1)
  2 quokkas (D:1)
  A ball python (D:1)
  2 goblins (D:1)
  2 kobolds (D:1)
  A rat (D:1)
13 creatures vanquished.

Vanquished Creatures (others)
  4 plants (D:1)
4 creatures vanquished.

Grand Total: 17 creatures vanquished

Notes
Turn   | Place    | Note
-------+----------+-------------------------------------------
     0 | D:1      | sanboga the Gargoyle Fighter began the quest for the Orb.
     0 | D:1      | Reached XP level 1. HP: 14/14 MP: 1/1
   113 | D:1      | Reached XP level 2. HP: 19/19 MP: 2/2
   128 | D:1      | Slain by a goblin

Illustrated notes

Levels and vault maps discovered:
D:1:      beargit_arrival_greenhouse, layout_basic,
          dilly_ecumenical_altar_fadedgnrine, serial_shops,
          nicolae_shop_statue_plus

Skill      XL: |  1 |
---------------+----+-----
Axes           | 2 |  2.2
Fighting       | |  3.5
Armour         | |  3.4
Shields        | |  3.4

Action                   || total
-------------------------++-------
Melee: War axe           ||    36
Armor: Scale mail        ||    37
Dodge: Dodged            ||    35
Block: Buckler           ||     7
